 Dungeon Crawl Stone Soup version 0.28-a0-479-g5baa6b73be (webtiles) character file.

Game seed: 315643395334600211

445349 dolemite99 the Warrior (level 23, -4/217 HPs)
             Began as a Minotaur Abyssal Knight on Sept 18, 2021.
             Was an Elder of Lugonu.
             Slain by a hell knight (6 damage)
             ... on level 4 of the Depths.
             The game lasted 02:25:37 (101555 turns).

dolemite99 the Warrior (Minotaur Abyssal Knight)  Turns: 101555, Time: 02:25:38

Health: -4/217     AC: 45    Str: 31    XL:     23   Next: 9%
Magic:  30/32      EV: 16    Int:  9    God:    Lugonu [****..]
Gold:   1226       SH:  0    Dex: 19    Spells: 18/24 levels left

rFire   + + +      SeeInvis .   e - +3 battleaxe (vamp)
rCold   + . .      Faith    .   (shield currently unavailable)
rNeg    + . .      Spirit   .   f - +6 plate armour "Xudiar" {rF++ Int+2}
rPois   +          Reflect  .   g - +3 hat of Depression {Str+2}
rElec   +          Harm     .   M - +0 cloak of the Guilds {rF+ Dex+3}
rCorr   +          Rampage  +   s - +2 pair of gloves "Funwyal" {rElec Int-2 Dex+2}
Will    ++...                   d - +2 pair of boots
Stlth   ..........              S - amulet "Lyexokk" {Rampage rPois rN+ Regen+}
HPRegen 1.46/turn               z - ring of Vuitz {rPois Will+ Str+6, =R}
MPRegen 0.23/turn               q - ring of the Tortoise {AC+8}

@: resistant, glowing, studying 2 skills, silenced
A: horns 2, retaliatory headbutt
}: 2/15 runes: barnacled, gossamer
a: Renounce Religion


You were on level 4 of the Depths.
You worshipped Lugonu.
Lugonu was greatly pleased with you.
You visited 9 branches of the dungeon, and saw 44 of its levels.
You visited the Abyss 2 times.
You also visited: Ossuary and Bailey.

You collected 6172 gold pieces.
You spent 4946 gold pieces at shops.

Inventory:

Hand Weapons
 a - a +2 lajatang of distortion
 b - a +6 longbow of freezing
 e - a +3 vampiric battleaxe (weapon)
 l - the +8 battleaxe of Wuclyozautz {vorpal, rC+}
   (You took it off a deep elf knight on level 3 of the Elven Halls)

   It inflicts extra damage upon your enemies.
   rC:        It protects you from cold.
 W - a +5 vorpal great mace
Missiles
 u - 898 arrows
 P - a throwing net
Armour
 d - a +2 pair of boots (worn)
 f - the +6 plate armour "Xudiar" (worn) {rF++ Int+2}
   (You found it on level 1 of the Orcish Mines)

   Int:       It affects your intelligence (+2).
   rF:        It greatly protects you from fire.
 g - the +3 hat of Depression (worn) {Str+2}
   (You acquired it in an ossuary)

   Str:       It affects your strength (+2).
 s - the +2 pair of gloves "Funwyal" (worn) {rElec Int-2 Dex+2}
   (You found it on level 1 of the Depths)

   Int:       It affects your intelligence (-2).
   Dex:       It affects your dexterity (+2).
   rElec:     It insulates you from electricity.
 M - the +0 cloak of the Guilds (worn) {rF+ Dex+3}
   (You acquired it on level 3 of the Elven Halls)

   Dex:       It affects your dexterity (+3).
   rF:        It protects you from fire.
Jewellery
 c - the amulet of Teptorae {RegenMP Fly rF+}
   (You took it off a deep elf death mage on level 3 of the Elven Halls)

   [amulet of magic regeneration]

   It increases your rate of magic regeneration.
   rF:        It protects you from fire.
   Fly:       It grants you flight.
 m - the ring "Petujua" {rElec rPois}
   (You took it off a vault sentinel on level 2 of the Vaults)

   [ring of poison resistance]

   rElec:     It insulates you from electricity.
   rPois:     It protects you from poison.
 p - a ring of protection from cold
 q - the ring of the Tortoise (right hand) {AC+8}
   (You found it on level 3 of the Depths)

   [ring of protection]

   AC:        It affects your AC (+8).
 r - the ring of Symmetry {Fly rC+ rN+ Slay+2}
   (You acquired it on level 2 of the Shoals)

   [ring of positive energy]

   Slay:      It affects your accuracy & damage with ranged weapons and melee
   (+2).
   rC:        It protects you from cold.
   rN:        It protects you from negative energy.
   Fly:       It grants you flight.
 t - the ring "Eteanak" {Fire rPois Str+4 Stlth+}
   (You found it on level 1 of the Orcish Mines)

   [ring of fire]

   It enhances your fire magic.
   Str:       It affects your strength (+4).
   rF:        It protects you from fire.
   rC:        It makes you vulnerable to cold.
   rPois:     It protects you from poison.
   Stlth:     It makes you more stealthy.
 v - a ring of see invisible
 w - the ring of Wiawi {rN++ Int+6 Dex+4}
   (You took it off a deep elf sorcerer on level 3 of the Elven Halls)

   [ring of intelligence]

   Int:       It affects your intelligence (+6).
   Dex:       It affects your dexterity (+4).
   rN:        It greatly protects you from negative energy.
 z - the ring of Vuitz (left hand) {rPois Will+ Str+6, =R}
   (You found it on level 6 of the Lair of Beasts)

   [ring of strength]

   Str:       It affects your strength (+6).
   rPois:     It protects you from poison.
   Will:      It increases your willpower.
 S - the amulet "Lyexokk" (around neck) {Rampage rPois rN+ Regen+}
   (You acquired it on level 1 of the Dungeon)

   [amulet of regeneration]

   rPois:     It protects you from poison.
   rN:        It protects you from negative energy.
   Regen:     It increases your rate of health regeneration.
   Rampage:   It bestows one free step when moving towards enemies.
 V - a ring of resist corrosion
Wands
 h - a wand of charming (5)
 G - a wand of iceblast (46)
 H - a wand of paralysis (23)
 I - a wand of polymorph (24)
 L - a wand of mindburst (39)
 N - a wand of digging (34)
Scrolls
 j - 4 scrolls of fear
 n - 2 scrolls of fog
 y - 5 scrolls of blinking
 E - a scroll of enchant armour
 Q - 20 scrolls of teleportation
 R - 22 scrolls of identify {@r1}
 Y - 2 scrolls of silence
Potions
 k - 9 potions of might
 o - 13 potions of lignification
 x - 2 potions of resistance
 A - 7 potions of attraction
 C - 15 potions of brilliance
 D - 9 potions of haste
 J - a potion of flight
 K - 6 potions of ambrosia
 O - 15 potions of curing
 T - 8 potions of cancellation
 U - 4 potions of magic
 Z - 2 potions of berserk rage
Miscellaneous
 i - a condenser vane (inert)
 B - a phantom mirror (inert)
 F - a tin of tremorstones (2/2) (quivered)
 X - a lightning rod (4/4)


   Skills:
 - Level 20.6 Fighting
 - Level 6.1(12.7) Axes
 + Level 16.0(17.4) Maces & Flails
 - Level 6.2(10.3) Polearms
 - Level 11.2(15.2) Staves
 - Level 20.0 Bows
 - Level 3.2 Throwing
 - Level 19.3 Armour
 - Level 13.4 Dodging
 - Level 1.0 Spellcasting
 - Level 7.8 Air Magic
 - Level 14.4 Invocations
 - Level 11.3 Evocations


You had 18 spell levels left.
You knew the following spells:

 Your Spells              Type           Power      Damage    Failure   Level
a - Blink                 Tloc           N/A        N/A       92%         2
b - Animate Skeleton      Necr           0%         N/A       83%         1
c - Swiftness             Air            14%        N/A       19%         3

Your spell library contained the following spells:

 Spells                   Type           Power      Damage    Failure   Level
 Shock                    Conj/Air       28%        1d4       30%         1
 Corpse Rot               Necr/Air       N/A        N/A       41%         2
 Poisonous Vapours        Pois/Air       14%        N/A       41%         2
 Static Discharge         Conj/Air       7%         N/A       41%         2
 Airstrike                Air            7%         N/A       52%         4
 Apportation              Tloc           0%         N/A       83%         1
 Beastly Appendage        Tmut           0%         N/A       83%         1
 Foxfire                  Conj/Fire      0%         2x1d4     83%         1
 Magic Dart               Conj           0%         1d3       83%         1
 Pain                     Necr           0%         1d4       83%         1
 Summon Small Mammal      Summ           0%         N/A       83%         1
 Mephitic Cloud           Conj/Pois/Air  5%         N/A       83%         3
 Call Imp                 Summ           0%         N/A       92%         2
 Ensorcelled Hibernation  Hex/Ice        0%         N/A       92%         2
 Passwall                 Tmut/Erth      0%         N/A       92%         2
 Wereblood                Tmut           0%         N/A       92%         2
 Call Canine Familiar     Summ           0%         N/A       99%         3
 Conjure Flame            Conj/Fire      0%         6-21      99%         3
 Gell's Gravitas          Tloc           0%         N/A       99%         3
 Ignite Poison            Fire/Tmut/Pois 0%         N/A       99%         3
 Inner Flame              Hex/Fire       0%         N/A       99%         3
 Portal Projectile        Hex/Tloc       0%         N/A       99%         3
 Spider Form              Tmut/Pois      0%         N/A       99%         3
 Summon Guardian Golem    Hex/Summ       0%         N/A       99%         3
 Teleport Other           Tloc           0%         N/A       99%         3
 Tukima's Dance           Hex            0%         N/A       99%         3
 Flame Wave               Conj/Fire      0%         3d3       100%        4
 Hailstorm                Conj/Ice       0%         3d3       100%        4
 Ice Form                 Ice/Tmut       0%         N/A       100%        4
 Leda's Liquefaction      Hex/Erth       0%         N/A       100%        4
 Petrify                  Tmut/Erth      0%         N/A       100%        4
 Sticky Flame             Conj/Fire      0%         2d3       100%        4
 Summon Ice Beast         Ice/Summ       0%         N/A       100%        4
 Agony                    Necr           0%         N/A       100%        5
 Blade Hands              Tmut           0%         N/A       100%        5
 Excruciating Wounds      Necr           0%         N/A       100%        5
 Irradiate                Conj/Tmut      0%         3d13      100%        5
 Lightning Bolt           Conj/Air       3%         1d15      100%        5
 Manifold Assault         Tloc           0%         N/A       100%        5
 Summon Forest            Summ/Tloc      0%         N/A       100%        5
 Summon Mana Viper        Hex/Summ       0%         N/A       100%        5
 Conjure Ball Lightning   Conj/Air       3%         3x3d6     100%        6
 Dispersal                Tloc           0%         N/A       100%        6
 Simulacrum               Ice/Necr       0%         N/A       100%        6
 Summon Cactus Giant      Summ           0%         N/A       100%        6
 Dragon Form              Tmut           0%         N/A       100%        7
 Monstrous Menagerie      Summ           0%         N/A       100%        7
 Spellforged Servitor     Conj/Summ      0%         N/A       100%        7
 Storm Form               Tmut/Air       3%         N/A       100%        7
 Borgnjor's Revivificati  Necr           0%         N/A       100%        8
 Discord                  Hex            0%         N/A       100%        8
 Disjunction              Tloc           0%         N/A       100%        8
 Maxwell's Capacitive Co  Air            7%         ∞         100%        8
 Necromutation            Tmut/Necr      0%         N/A       100%        8
 Chain Lightning          Conj/Air       3%         3d4       100%        9
 Death's Door             Necr           0%         N/A       100%        9
 Fire Storm               Conj/Fire      0%         5d1       100%        9
 Shatter                  Erth           0%         3d5*      100%        9


Dungeon Overview and Level Annotations

Branches:
Dungeon (15/15)            Temple (0/1) D:6            Lair (6/6) D:11
 Shoals (4/4) Lair:2       Spider (4/4) Lair:2        Slime (0/5) Lair:6
    Orc (2/2) D:9             Elf (3/3) Orc:2        Vaults (4/5) D:13
  Crypt (2/3) Vaults:3     Depths (4/5) D:15        Ossuary (visited)
 Bailey (visited)

Altars:
Gozag
Vehumet
Yredelemnul
The Shining One
Beogh
Jiyva

Shops:
D:1 *   D:10 [*   D:11 (   Orc:2 **:=   Elf:1 :   Elf:2 *   Shoals:2 ?:*
Vaults:2 *   Depths:1 ::=   Depths:2 !

Portals:
Hell: Depths:1 Depths:2 Depths:3
Abyss: Depths:1
Pandemonium: Depths:1 Depths:2 Depths:3
Ziggurat: Depths:3

Annotations:
D:9 corrupted
D:12 corrupted
D:13 corrupted
Lair:4 corrupted
Lair:5 2 transporters
Lair:6 corrupted, 3 runed translucent doors, relicbr's ghost, journeyman MiFi
Shoals:2 corrupted, exclusions: downstairs and 1 more exclusion
Shoals:3 corrupted, exclusion: door
Shoals:4 corrupted
Spider:4 corrupted
Orc:1 corrupted
Orc:2 corrupted
Elf:2 corrupted
Elf:3 corrupted
Depths:1 corrupted
Depths:2 corrupted
Depths:3 corrupted
Depths:4 corrupted, Mennas
Abyss:1 Donald; Fannar; Harold; Josephine


Innate Abilities, Weirdness & Mutations

You have a pair of horns on your head.
You reflexively headbutt those who attack you in melee.


Message History

Mennas misses the thrashing horror.
Mennas hits the thrashing horror with a +5 trishula of holy wrath!!
The hellion is engulfed in a cloud of scalding steam.
The hellion hits you.
* * * LOW HITPOINT WARNING * * *
The hell knight hits you but does no damage.
The smoke demon gestures at the hell knight.
The sticky flame misses you.
The sticky flame hits the hell knight.
The hell knight completely resists.
The hell knight is covered in liquid flames!
Mennas blocks the harpy skeleton's attack. x2
The fire giant hits you with a +0 great sword of flaming!!
* * * LOW HITPOINT WARNING * * *
The fire giant burns you.
* * * LOW HITPOINT WARNING * * *
The hell knight hits you but does no damage.
The orange demon closely misses Mennas.
The large abomination misses Mennas.
The silent spectre hits the hell knight.
The hell knight hits you from afar with a +0 glaive!
* * * LOW HITPOINT WARNING * * *
Your base Maces & Flails skill increases to level 16!
You chop the hell knight into pieces!!!
You kill the hell knight!
Lugonu accepts your kill.
You slash the hell knight! You completely miss the fire giant.
Mennas blocks the thrashing horror's attack.
The thrashing horror closely misses Mennas.
Mennas blocks the harpy skeleton's attack.
The harpy skeleton misses Mennas.
The thrashing horror tramples you but does no damage. x2
Mennas hits you from afar with a +5 trishula of holy wrath!
* * * LOW HITPOINT WARNING * * *
Mennas hits you but does no damage.
The hell knight hits you but does no damage.
The quasit bites the silent spectre.
The quasit misses the silent spectre.
The quasit closely misses the silent spectre.
The hell knight hits you but does no damage.
Mennas blocks the harpy skeleton's attack. x2
The hell knight hits you with a +3 scimitar.
You die...

##? ..#. ..#. ###.. ...
.#..# # >#..... ....#
..p .......##...#...#
#.#..#......§...
..#....#.p#.##.[#.
#.#....#Cpp....##
#...#..2@pp5.#§§#
#.1.#.#3X#.W##
#.....ZxZA#3...# ##
#..#....W#X......#
###.###....#.4#XX#.#####
...............#...#
.......[#..#...###.#
.......$......## ─.#
..............# #


You could see Mennas (very poisoned), a fire giant, 5 hell knights, a quasit
(summoned), a neutral tentacled starspawn (summoned), a neutral orange demon
(summoned), 2 neutral thrashing horrors, a neutral large abomination (summoned,
corroded), a neutral freezing wraith (summoned), a neutral silent spectre
(summoned, silencing), a neutral smoke demon (summoned), a neutral hellion
(summoned), a neutral neqoxec (summoned), a neutral small abomination
(summoned), a neutral juggernaut simulacrum (summoned) and a neutral harpy
skeleton (summoned).

Vanquished Creatures
  Mara (Crypt:1)
  A juggernaut (Depths:3)
  A caustic shrike (Depths:3)
  Arachne (Spider:4)
  2 hellephants (Depths:1)
  Jorgrun (Elf:1)
  2 liches (Depths:2)
  A deep elf master archer (Elf:3)
  2 deep elf blademasters (Elf:3)
  3 krakens
  2 sphinxes (Shoals:4)
  3 ancient champions
  A shadow dragon (Depths:2)
  A revenant (Crypt:2)
  2 fire giants
  4 deep elf sorcerers
  3 vault wardens
  Louise (Spider:3)
  9 frost giants
  A caustic shrike zombie (Crypt:2)
  A ghoul (Vaults:3)
  4 curse skulls
  3 deep elf elementalists
  5 spectral caustic shrikes (Depths:3)
  A reaper (Crypt:2)
  6 ironbound preservers
  12 very ugly things
  5 vampire knights
  Azrael (D:12)
  6 deep elf demonologists
  15 stone giants
  5 deep elf annihilators
  2 entropy weavers
  A minotaur (Shoals:4)
  2 crystal guardians (Vaults:2)
  8 ettins
  6 deep elf death magi
  2 mummy priests (Crypt:2)
  2 dire elephants (Vaults:3)
  6 yaktaur captains
  6 merfolk impalers
  3 eidola
  6 fire dragons
  8 jiangshi
  8 deep elf high priests (Elf:3)
  4 great orbs of eyes
  6 ironbound thunderhulks
  4 rakshasas
  6 vault guards
  8 ice dragons
  6 ironbound frosthearts
  4 peacekeepers
  2 boulder beetles
  2 spriggan air magi
  3 merfolk avatars (Shoals:3)
  5 hydras
  2 catoblepae (Shoals:3)
  9 centaur warriors
  5 satyrs (Shoals:4)
  5 two-headed ogres
  A fenstrider witch skeleton (Crypt:1)
  3 death knights
  5 deep troll shamans
  24 dancing weapons
  2 tengu warriors
  2 merfolk aquamancers
  A death scarab (Spider:4)
  4 ironbound beastmasters
  15 death yaks
  2 deep troll earth magi (Depths:1)
  10 vampire magi
  7 hell hogs
  A titan zombie (Crypt:1)
  An orc high priest (Orc:2)
  10 deep elf knights
  A sun demon (Depths:2)
  Nergalle (D:10)
  6 hell knights
  Sonja (D:12)
  A soul eater (Crypt:1)
  A storm dragon zombie (Crypt:2)
  25 skeletal warriors
  6 iron trolls
  7 glowing orange brains
  A spark wasp zombie (Crypt:1)
  8 sea snakes
  3 flayed ghosts
  23 deep trolls
  An anaconda zombie (Crypt:1)
  12 deep elf archers
  4 phantasmal warriors
  A golden dragon skeleton (Crypt:2)
  A bunyip skeleton (Crypt:1)
  4 necromancers
  7 ironbound convokers
  27 harpies
  An eleionoma zombie (Crypt:1)
  2 lindwurms (Vaults:1)
  2 spectral wolf spiders (Spider:4)
  An iron dragon zombie (Crypt:2)
  6 wizards
  15 orb spiders
  21 deep elf zephyrmancers
  30 ugly things
  16 deep elf pyromancers
  3 fauns
  3 orc sorcerers (Orc:2)
  A salamander (shapeshifter) (Elf:2)
  24 wolf spiders
  7 cyclopes
  A stone giant zombie (Crypt:1)
  3 elephants (Lair:6)
  3 moths of wrath
  12 manticores
  4 black mambas
  6 merfolk sirens
  15 vault sentinels
  Maurice (D:10)
  A naga zombie (Crypt:1)
  A spriggan zombie (Crypt:2)
  2 water nymphs
  An orange demon (Depths:1)
  An alligator snapping turtle zombie (Crypt:1)
  Joseph (Lair:1)
  7 cane toads
  An iron troll zombie (Crypt:1)
  A spectral redback (Spider:4)
  A torpor snail (Spider:4)
  7 demonic crawlers
  A minotaur skeleton (Crypt:1)
  5 rime drakes
  9 komodo dragons
  2 kobold demonologists (D:11)
  8 freezing wraiths
  2 tengu conjurers (D:15)
  14 yaktaurs
  A hellwing (D:8)
  18 merfolk
  10 trolls
  2 harpy zombies
  41 jumping spiders
  4 wind drakes
  5 spectral jumping spiders (Spider:4)
  2 spectral tarantellas (Spider:4)
  18 blink frogs
  9 hornets
  A polar bear (Lair:6)
  2 jumping spider zombies (Spider:4)
  7 snapping turtles
  A tarantella zombie (Crypt:2)
  12 dream sheep
  A hydra skeleton (Crypt:2)
  23 slime creatures
  Prince Ribbit (D:6)
  3 air elementals
  10 water elementals
  9 spriggans (Lair:6)
  2 shadows
  45 redbacks
  29 tarantellas
  4 wyverns
  2 vampires
  A tyrant leech zombie (Crypt:2)
  Sigmund (D:4)
  A tarantella (shapeshifter) (D:15)
  10 wraiths
  36 yaks
  4 basilisks
  8 fire elementals
  2 steam dragons
  A chaos spawn (Depths:3)
  4 wargs
  Edmund (D:5)
  7 vampire mosquitoes
  A harpy simulacrum (Crypt:2)
  3 acid dragons
  A two-headed ogre skeleton (Crypt:2)
  A floating eye (shapeshifter) (Depths:2)
  A spectral hornet (Spider:4)
  17 water moccasins
  A sky beast (D:6)
  Duvessa (D:6)
  A floating eye (Depths:3)
  21 orc warriors
  An ice beast (D:6)
  3 necrophages
  3 black bears
  14 ogres
  3 boggarts
  15 centaurs
  22 wolves
  A komodo dragon zombie (Crypt:1)
  11 bullfrogs
  A kobold brigand (D:10)
  An earth elemental (Elf:2)
  3 scorpions
  A draconian skeleton (Crypt:2)
  A wyvern zombie (D:8)
  Dowan (D:6)
  A yak skeleton (Crypt:1)
  11 killer bees
  2 electric eels
  4 wights (D:9)
  6 howler monkeys
  2 lava snakes (D:15)
  8 centaur zombies
  A jelly (D:6)
  2 hounds
  A bullfrog zombie (D:5)
  22 orc priests
  3 centaur skeletons
  Jessica (D:3)
  Ijyb (D:4)
  8 hell rats (Lair:1)
  Natasha (thrice) (D:4)
  2 iguanas (D:5)
  24 orc wizards
  A deep dwarf zombie (Crypt:2)
  A deep dwarf skeleton (Crypt:1)
  A demigod skeleton (Crypt:2)
  8 mummies (Ossuary)
  A howler monkey zombie (D:10)
  17 gnolls
  5 adders
  12 river rats (Lair:1)
  8 shadow imps
  2 ufetubi
  A worm (D:2)
  95 orcs
  4 bats
  6 endoplasms
  5 giant cockroaches
  7 goblins
  13 hobgoblins
  4 jackals (D:2)
  23 kobolds
  12 quokkas
  4 ball pythons
  4 frilled lizards
  A hobgoblin zombie (Ossuary)
  2 kobold zombies (Ossuary)
  6 orc zombies
  23 rats
  A river rat skeleton (Crypt:2)
  9 tentacles
1553 creatures vanquished.

Vanquished Creatures (collateral kills)
  A ghost moth (Spider:4)
  An ironbound preserver (Vaults:3)
  2 deep trolls (Vaults:3)
  A komodo dragon (Lair:6)
  A black mamba zombie (Crypt:1)
  2 redbacks (Spider:4)
  2 tarantellas
  4 yaks (Lair:6)
  A hornet zombie (Spider:4)
15 creatures vanquished.

Vanquished Creatures (others)
  A juggernaut (Depths:3)
  Rupert (D:12)
  A deep elf blademaster (Elf:3)
  A lich (Depths:3)
  2 deep elf master archers (Elf:3)
  A storm dragon (D:13)
  A sphinx (Shoals:4)
  3 fire giants
  4 deep elf sorcerers (Elf:3)
  2 orc warlords
  An emperor scorpion (Spider:4)
  3 deep elf elementalists (Elf:3)
  3 very ugly things
  2 stone giants (Depths:2)
  A deep elf demonologist (Elf:3)
  3 deep elf annihilators (Elf:3)
  2 spark wasps (Depths:1)
  2 ettins (Depths:1)
  A deep elf death mage (Elf:3)
  A merfolk impaler (Shoals:4)
  2 fire dragons
  2 deep elf high priests (Elf:3)
  The ghost of freelancePsychic the Arsonist, a journeyman DgCj (Orc:1)
  A rakshasa (Depths:1)
  A hydra (Lair:4)
  2 ice dragons
  A centaur warrior (D:13)
  A two-headed ogre (Orc:2)
  3 deep troll earth magi
  11 dancing weapons (Elf:2)
  7 death scarabs (Spider:4)
  3 satyrs (Shoals:4)
  A tengu warrior (Depths:1)
  4 orc high priests (Orc:2)
  A spriggan berserker (Depths:1)
  3 hell knights (Depths:3)
  6 deep elf knights
  A sixfirhy (D:13)
  4 skeletal warriors (D:13)
  4 deep trolls (Depths:2)
  2 sea snakes (Shoals:4)
  4 spectral wolf spiders (Spider:4)
  A wizard (Depths:1)
  3 necromancers (Depths:3)
  8 deep elf pyromancers
  3 harpies (Shoals:2)
  3 orc knights (Orc:1)
  A deep elf archer (Elf:3)
  2 ugly things
  A wolf spider (Spider:4)
  2 cyclopes (Shoals:3)
  7 deep elf zephyrmancers
  6 manticores (Shoals:4)
  3 fauns (Shoals:4)
  A moth of wrath (Spider:4)
  2 merfolk sirens (Shoals:4)
  A water nymph (shapeshifter) (Elf:3)
  A gargoyle (D:12)
  2 cane toads (Lair:4)
  2 rime drakes (Lair:4)
  A spectral redback (Spider:4)
  A redback zombie (Spider:4)
  A demonic crawler (Spider:4)
  A komodo dragon (D:13)
  A jumping spider (Spider:4)
  3 trolls
  A troll (shapeshifter) (Depths:1)
  4 merfolk
  3 spectral jumping spiders (Spider:4)
  4 hornets
  2 tarantella zombies (Spider:4)
  4 blink frogs (Lair:4)
  7 dream sheep
  4 raiju (D:13)
  A spectral tarantella (Spider:4)
  A jumping spider zombie (Spider:4)
  A snapping turtle (Shoals:4)
  A wind drake (Shoals:4)
  3 spriggans (Lair:6)
  3 redbacks
  An air elemental (Elf:3)
  2 tarantellas (Spider:4)
  A fire elemental (Elf:3)
  6 yaks
  2 basilisks (Lair:4)
  A basilisk (shapeshifter) (D:13)
  3 wargs
  4 water moccasins (Lair:4)
  A spectral hornet (Spider:4)
  17 orc warriors
  A black bear (Lair:6)
  5 wolves (Lair:6)
  5 ogres (D:9)
  A boggart (Lair:6)
  4 centaurs
  4 kobold brigands (D:9)
  A bullfrog (Lair:4)
  2 gnoll sergeants (D:9)
  30 killer bees (Lair:4)
  A howler monkey (D:9)
  17 orc priests
  2 orc wizards (Orc:2)
  2 gnolls (D:9)
  20 orcs
  23 foxfires
  35 fungi
  110 plants
  72 starspawn tentacles
  83 tentacles
  10 withered plants (D:8)
663 creatures vanquished.

Grand Total: 2231 creatures vanquished

Notes
Turn   | Place    | Note
-------+----------+-------------------------------------------
     0 | Abyss:1  | dolemite99 the Minotaur Abyssal Knight began the quest for
                  | the Orb.
     0 | Abyss:1  | Reached XP level 1. HP: 19/19 MP: 1/1
    58 | D:1      | Escaped the Abyss
   288 | D:1      | Found Jupruepo's Assorted Antiques.
   301 | D:1      | Reached * piety under Lugonu
   414 | D:1      | Reached XP level 2. HP: 25/26 MP: 2/2
   884 | D:1      | Found a faded altar of an unknown god.
  1319 | D:2      | Reached XP level 3. HP: 29/31 MP: 3/3
  1542 | D:1      | Reached skill level 5 in Axes
  1896 | D:1      | Reached XP level 4. HP: 37/39 MP: 4/4
  2192 | D:2      | Reached ** piety under Lugonu
  2346 | D:2      | Reached skill level 1 in Maces & Flails
  2357 | D:2      | Reached XP level 5. HP: 38/45 MP: 5/5
  2920 | D:3      | Noticed Jessica
  2926 | D:3      | Killed Jessica
  3291 | D:4      | Noticed Natasha
  3306 | D:4      | Killed Natasha
  3307 | D:4      | Noticed a necrophage
  3323 | D:4      | Killed a necrophage
  3324 | D:4      | Reached XP level 6. HP: 42/51 MP: 6/6
  3415 | D:4      | Noticed Sigmund
  3441 | D:5      | Entered Level 5 of the Dungeon
  3758 | D:4      | Found a sand-covered staircase.
  3759 | D:4      | Noticed Natasha
  3767 | D:4      | Killed Natasha
  3768 | D:4      | Reached skill level 5 in Maces & Flails
  3790 | Ossuary  | Entered an ossuary
  4377 | Ossuary  | Reached *** piety under Lugonu
  4555 | Ossuary  | Identified a scroll of acquirement
  4555 | Ossuary  | Acquired the +3 hat of Depression {Str+2}
  4592 | D:4      | Killed Sigmund
  4593 | D:4      | Reached XP level 7. HP: 42/57 MP: 7/7
  4670 | D:4      | Noticed Natasha
  4675 | D:4      | Killed Natasha
  4734 | D:4      | Noticed Ijyb
  4737 | D:4      | Killed Ijyb
  5135 | D:4      | Identified the +5 ring mail "Quamen" {Str+4}
  5368 | D:5      | Noticed Edmund
  5377 | D:5      | Killed Edmund
  5378 | D:5      | Reached skill level 5 in Fighting
  5930 | D:5      | Reached XP level 8. HP: 71/71 MP: 8/8
  6002 | D:5      | Reached skill level 5 in Armour
  6496 | D:6      | Noticed Duvessa
  6498 | D:6      | Noticed Dowan
  6505 | D:6      | Killed Duvessa
  6514 | D:6      | Killed Dowan
  6515 | D:6      | Reached skill level 5 in Invocations
  6744 | D:6      | Found a staircase to the Ecumenical Temple.
  6787 | D:6      | Noticed Prince Ribbit
  6827 | D:6      | Killed Prince Ribbit
  6871 | D:6      | Found a radiant altar of Vehumet.
  6923 | D:6      | Reached XP level 9. HP: 68/79 MP: 12/12
  7270 | D:7      | Reached **** piety under Lugonu
  8273 | D:7      | Noticed Harold
  8275 | D:7      | Banished Harold
  8276 | D:7      | Reached skill level 5 in Dodging
  8276 | D:7      | Reached XP level 10. HP: 91/91 MP: 9/14
  8971 | D:8      | Reached skill level 10 in Fighting
 10094 | D:8      | Reached skill level 1 in Throwing
 10526 | D:9      | Reached XP level 11. HP: 64/101 MP: 16/16
 11041 | D:9      | Found a staircase to the Orcish Mines.
 11042 | D:9      | Corrupted D:9
 11042 | D:9      | Noticed a large abomination
 11042 | D:9      | Noticed a starcursed mass
 11042 | D:9      | Noticed a lich
 11042 | D:9      | Noticed a large abomination
 11043 | D:9      | Noticed a large abomination
 11043 | D:9      | Noticed a starcursed mass
 11043 | D:9      | Noticed a thrashing horror
 11043 | D:9      | Noticed a tentacled starspawn
 11043 | D:9      | Noticed a thrashing horror
 11043 | D:9      | Noticed a thrashing horror
 11044 | D:9      | Noticed a large abomination
 11815 | D:1      | Bought a scroll labelled BIAQOXOLISM for 27 gold pieces
 11815 | D:1      | Bought a glowing white potion for 24 gold pieces
 11815 | D:1      | Bought a scroll of fog for 54 gold pieces
 11817 | D:1      | Acquired the amulet "Lyexokk" {Rampage rPois rN+ Regen+}
 12115 | D:10     | Entered Level 10 of the Dungeon
 12120 | D:9      | Reached skill level 1 in Evocations
 12206 | D:10     | Found Sihoe's Changing Room.
 12234 | D:10     | Reached skill level 1 in Bows
 12246 | D:10     | Noticed Josephine
 12247 | D:10     | Found Xota's Antique Armour Emporium.
 12251 | D:10     | Banished Josephine
 12582 | D:10     | Found a flagged portal.
 12591 | Bailey   | Entered a bailey
 12875 | Bailey   | Noticed an orc knight
 12986 | Bailey   | Banished an orc knight
 12987 | Bailey   | Reached skill level 5 in Bows
 13171 | Bailey   | Reached XP level 12. HP: 107/107 MP: 18/18
 13353 | D:10     | Identified the +11 spear of Tusaam {antimagic, *Noise rC+
                  | Will+}
 13446 | D:10     | Noticed Maurice
 13452 | D:10     | Killed Maurice
 13567 | D:10     | Noticed Nergalle
 13585 | D:10     | Killed Nergalle
 13585 | D:10     | Reached ***** piety under Lugonu
 13857 | D:10     | Noticed Fannar
 13875 | D:10     | Banished Fannar
 14422 | D:10     | Reached skill level 5 in Evocations
 15067 | D:11     | Found a staircase to the Lair.
 15322 | D:11     | Found the +2 robe of Vines {NoPotionHeal Regen+++}
 15331 | D:11     | Noticed a boulder beetle
 15332 | D:11     | Noticed a four-headed hydra
 15340 | D:11     | Killed a four-headed hydra
 15341 | D:11     | Banished a boulder beetle
 15674 | D:11     | Reached XP level 13. HP: 114/114 MP: 19/19
 15909 | D:11     | Found Nipruk's Antique Weapon Boutique.
 15915 | D:11     | Reached skill level 10 in Evocations
 15915 | D:11     | Reached XP level 14. HP: 122/122 MP: 20/20
 16128 | Lair:1   | Entered Level 1 of the Lair of Beasts
 16135 | Lair:1   | Noticed Joseph
 16158 | Lair:1   | Killed Joseph
 17411 | Lair:2   | Reached skill level 10 in Invocations
 17546 | Lair:2   | Found a hole to the Spider Nest.
 18523 | Lair:2   | Found a staircase to the Shoals.
 19243 | D:10     | Bought a spiked plate armour for 1008 gold pieces
 19243 | D:10     | Identified the +5 plate armour of Summer {rCorr} (You
                  | bought it in a shop on level 10 of the Dungeon)
 19593 | Lair:3   | Reached skill level 10 in Armour
 20493 | Lair:3   | Reached ****** piety under Lugonu
 20898 | Lair:4   | Corrupted Lair:4
 20898 | Lair:4   | Noticed a tentacled starspawn
 20898 | Lair:4   | Noticed a lich
 20898 | Lair:4   | Noticed a tentacled starspawn
 20900 | Lair:4   | Noticed a bone dragon
 21679 | Lair:4   | Identified the +12 hand axe of Glory {vorpal, *Rage rC+++
                  | rCorr Dex-4}
 22227 | Lair:4   | Reached skill level 1 in Polearms
 22724 | Lair:4   | Identified a +4 whip of distortion (a +2 whip of
                  | electrocution corrupted by Lugonu)
 22724 | Lair:4   | Received a gift from Lugonu
 23110 | Lair:5   | Found a transporter.
 23116 | Lair:5   | Reached skill level 10 in Bows
 23261 | Lair:5   | Found a transporter.
 23744 | Lair:6   | Entered Level 6 of the Lair of Beasts
 23744 | Lair:6   | Found a staircase to the Slime Pits.
 23744 | Lair:6   | Found a viscous altar of Jiyva.
 23769 | Lair:6   | Reached XP level 15. HP: 119/134 MP: 21/21
 24418 | Lair:6   | Identified the ring of Vuitz {rPois Will+ Str+6}
 24554 | Lair:6   | Corrupted Lair:6
 24554 | Lair:6   | Noticed a tentacled starspawn
 25636 | Lair:6   | Found a runed translucent gate.
 25636 | Lair:6   | Found a runed translucent gate.
 25636 | Lair:6   | Found a runed translucent gate.
 25641 | Lair:6   | Noticed relicbr's ghost (journeyman MiFi)
 25644 | Lair:6   | Found a viscous altar of Jiyva.
 25945 | D:12     | Noticed Azrael
 26132 | D:12     | Reached skill level 5 in Polearms
 26219 | D:12     | Killed Azrael
 26527 | D:12     | Noticed Rupert
 26529 | D:12     | Corrupted D:12
 26536 | D:12     | Killed Rupert
 26538 | D:12     | Noticed a tentacled starspawn
 26728 | Orc:1    | Entered Level 1 of the Orcish Mines
 26975 | Orc:1    | Found a runed translucent gate.
 26975 | Orc:1    | Noticed freelancePsychic's ghost (journeyman DgCj)
 26977 | Orc:1    | Found a runed translucent gate.
 26977 | Orc:1    | Identified the +6 plate armour "Xudiar" {rF++ Int+2}
 26977 | Orc:1    | Noticed an orc warlord
 26979 | Orc:1    | Found a runed translucent gate.
 27054 | Orc:1    | Identified the ring "Eteanak" {Fire rPois Str+4 Stlth+}
 27054 | Orc:1    | Identified the +3 leather armour of Gluttony {rPois rN+
                  | Str-4 Int+5}
 27494 | Orc:1    | Corrupted Orc:1
 27533 | Orc:1    | Killed an orc warlord
 27541 | Orc:1    | Killed freelancePsychic's ghost
 27818 | Orc:2    | Entered Level 2 of the Orcish Mines
 28993 | Orc:2    | Found Imaz Vau's Jewellery Boutique.
 29012 | Orc:2    | Found Odaloe's Book Shop.
 29834 | Orc:2    | Corrupted Orc:2
 29834 | Orc:2    | Noticed a tentacled starspawn
 29834 | Orc:2    | Noticed a tentacled starspawn
 29834 | Orc:2    | Noticed a tentacled starspawn
 29843 | Orc:2    | Killed an orc warlord
 30149 | Orc:2    | Found Weygog's Assorted Antiques.
 30164 | Orc:2    | Bought a scroll labelled ROEFUE HOWU for 29 gold pieces
 30164 | Orc:2    | Bought a scroll of blinking for 217 gold pieces
 30164 | Orc:2    | Bought an embroidered cloak for 217 gold pieces
 30434 | Orc:2    | Found Waiph's Assorted Antiques.
 30443 | Orc:2    | Bought a scroll labelled ROEFUE HOWU for 20 gold pieces
 30452 | Orc:2    | Bought an embroidered scarf for 160 gold pieces
 30521 | Orc:2    | Found a staircase to the Elven Halls.
 30790 | Orc:2    | Bought a potion of curing for 60 gold pieces
 30822 | Orc:2    | Bought a wand of acid (11) for 232 gold pieces
 30822 | Orc:2    | Bought a sharpened silver wand for 116 gold pieces
 31101 | D:12     | Acquired a +2 vorpal longbow
 31161 | D:12     | Noticed Sonja
 31167 | D:12     | Killed Sonja
 31499 | D:13     | Found a gate to the Vaults.
 31747 | D:13     | Corrupted D:13
 31785 | D:13     | Noticed a storm dragon
 31834 | D:13     | Killed a storm dragon
 32698 | D:13     | Found the +8 arc blade {discharge, rElec}
 33210 | D:13     | Found a glowing golden altar of the Shining One.
 34102 | D:14     | Reached XP level 16. HP: 144/144 MP: 23/23
 34231 | D:14     | You fall into a shaft and drop 1 floor!
 34231 | D:15     | Entered Level 15 of the Dungeon
 34655 | D:15     | Found a staircase to the Depths.
 36344 | Spider:1 | Entered Level 1 of the Spider Nest
 36349 | Spider:1 | Reached skill level 15 in Bows
 38700 | Orc:2    | Bought a ring of resist corrosion for 280 gold pieces
 39347 | Spider:2 | Paralysed by a hornet for 3 turns
 40987 | Spider:2 | Reached skill level 15 in Fighting
 42018 | Spider:3 | Noticed Louise
 42506 | Spider:3 | Reached XP level 17. HP: 97/156 MP: 24/24
 43253 | Spider:3 | Killed Louise
 43787 | Spider:4 | Entered Level 4 of the Spider Nest
 43875 | Spider:4 | Noticed Arachne
 43886 | Spider:4 | Escaped the Abyss
 44890 | Spider:4 | Killed Arachne
 47120 | Spider:4 | Corrupted Spider:4
 47120 | Spider:4 | Noticed a bone dragon
 47409 | Spider:4 | Got a gossamer rune of Zot
 47777 | Shoals:1 | Entered Level 1 of the Shoals
 48472 | Shoals:1 | Identified the +7 long sword of Qoacvug {vorpal, rN+}
 49420 | Shoals:1 | Noticed a kraken
 50184 | Shoals:2 | Found Yrchethu's Book Shop.
 50305 | Shoals:2 | Corrupted Shoals:2
 50797 | Shoals:2 | Acquired the ring of Symmetry {Fly rC+ rN+ Slay+2}
 50819 | Shoals:2 | Noticed a kraken
 51352 | Shoals:2 | Found Nazinirch's Assorted Antiques.
 51619 | Shoals:3 | Noticed Donald
 51628 | Shoals:3 | Banished Donald
 51891 | Shoals:3 | Reached XP level 18. HP: 166/173 MP: 20/25
 53400 | Vaults:1 | Entered Level 1 of the Vaults
 53694 | Vaults:1 | Reached skill level 10 in Dodging
 58420 | Vaults:1 | Glimpsed the power of Zot.
 58924 | Vaults:2 | Identified the ring "Petujua" {rElec rPois}
 60710 | Vaults:2 | Found Bonaxam's Assorted Antiques.
 60908 | Vaults:2 | Bought a warped amber ring for 190 gold pieces
 60908 | Vaults:2 | Identified the ring of Zupaed {rPois Stlth+} (You bought it
                  | in a shop on level 2 of the Vaults)
 60912 | Vaults:2 | Bought a scroll of teleportation for 114 gold pieces
 60912 | Vaults:2 | Bought a scroll of summoning for 361 gold pieces
 60912 | Vaults:2 | Bought a glowing onyx ring for 190 gold pieces
 62880 | Vaults:3 | Reached skill level 15 in Armour
 63089 | Vaults:3 | Reached XP level 19. HP: 110/180 MP: 21/26
 63832 | Vaults:3 | Found a staircase to the Crypt.
 69110 | Vaults:4 | Identified the +1 robe of Impatience {Str+2}
 69709 | Elf:1    | Entered Level 1 of the Elven Halls
 71725 | Elf:1    | Got Sif Muna's Guide on Creation
 72277 | Elf:1    | Found Zoroefit's One-of-a-Kind Books.
 72808 | Elf:1    | Noticed Jorgrun
 72815 | Elf:1    | Killed Jorgrun
 73326 | Elf:2    | Noticed a Tzitzimitl
 74414 | Elf:2    | Reached XP level 20. HP: 163/189 MP: 29/29
 74637 | Elf:2    | Found Pocut's General Store.
 74643 | Elf:2    | Bought a scroll of teleportation for 33 gold pieces
 74643 | Elf:2    | Bought a scroll of teleportation for 33 gold pieces
 75285 | Elf:2    | Acquired 629 gold pieces
 75569 | Elf:2    | Found a runed translucent gate.
 75570 | Elf:2    | Found a runed translucent gate.
 75570 | Elf:2    | Found a runed translucent gate.
 75893 | Depths:1 | Entered Level 1 of the Depths
 79251 | Depths:1 | Found an opulent altar of Gozag.
 79585 | Depths:1 | Found a gateway to Hell.
 79959 | Depths:1 | Found a one-way gate to the infinite horrors of the Abyss.
 80110 | Depths:1 | Found a one-way gate leading to the halls of Pandemonium.
 80230 | Depths:1 | Corrupted Depths:1
 80378 | Depths:1 | Found Naaghuo's Jewellery Shoppe.
 80378 | Depths:1 | Found Gaazahin's Book Boutique.
 80379 | Depths:1 | Found Puh Bias's Book Boutique.
 80390 | Depths:1 | Bought a ring of see invisible for 360 gold pieces
 80527 | Depths:1 | Identified the +2 pair of gloves "Funwyal" {rElec Int-2
                  | Dex+2}
 80592 | Depths:1 | Found the ring of the Hare {EV+8}
 82320 | Depths:2 | Found Degusm's Distillery.
 82323 | Depths:2 | Bought a potion of heal wounds for 100 gold pieces
 82323 | Depths:2 | Bought 2 potions of haste for 400 gold pieces
 82323 | Depths:2 | Bought a potion of curing for 60 gold pieces
 82323 | Depths:2 | Bought a potion of curing for 60 gold pieces
 82323 | Depths:2 | Bought a potion of curing for 60 gold pieces
 82323 | Depths:2 | Bought a potion of curing for 60 gold pieces
 82323 | Depths:2 | Bought a potion of curing for 60 gold pieces
 82323 | Depths:2 | Bought a potion of curing for 60 gold pieces
 82323 | Depths:2 | Bought a potion of curing for 60 gold pieces
 82649 | Depths:2 | Reached XP level 21. HP: 127/201 MP: 30/30
 83472 | Depths:2 | Corrupted Depths:2
 84314 | Depths:2 | Learned a level 2 spell: Blink
 84316 | Depths:2 | Learned a level 1 spell: Animate Skeleton
 84320 | Depths:2 | Learned a level 3 spell: Swiftness
 84366 | Depths:3 | Reached skill level 1 in Air Magic
 85433 | Elf:2    | Corrupted Elf:2
 87096 | Shoals:2 | Found Mahein Wou's Magic Scroll Boutique.
 87119 | Shoals:2 | Reached skill level 5 in Air Magic
 87154 | Shoals:2 | Bought a scroll of teleportation for 42 gold pieces
 87154 | Shoals:2 | Bought a scroll of magic mapping for 49 gold pieces
 87154 | Shoals:2 | Bought a scroll of enchant weapon for 105 gold pieces
 87154 | Shoals:2 | Bought a scroll of enchant weapon for 105 gold pieces
 88468 | Shoals:3 | Corrupted Shoals:3
 88935 | Shoals:4 | Entered Level 4 of the Shoals
 88942 | Shoals:4 | Reached skill level 1 in Spellcasting
 88952 | Shoals:3 | Reached skill level 1 in Staves
 89933 | Shoals:4 | Corrupted Shoals:4
 90389 | Shoals:4 | Identified the +9 hand axe of the Dark Horse {flame, Int+4
                  | Stlth+}
 90433 | Shoals:4 | Reached skill level 5 in Staves
 91333 | Shoals:4 | Got a barnacled rune of Zot
 91336 | Shoals:4 | Identified the +1 ring mail "Noch" {Fly rElec rN+ Slay+3}
 91826 | Elf:3    | Entered Level 3 of the Elven Halls
 92128 | Elf:3    | Paralysed by an air elemental for 1 turns
 92308 | Elf:3    | Corrupted Elf:3
 93230 | Elf:3    | Identified the amulet of Teptorae {RegenMP Fly rF+}
 93298 | Elf:3    | Identified the ring of Wiawi {rN++ Int+6 Dex+4}
 93335 | Elf:3    | Reached skill level 10 in Staves
 93446 | Elf:3    | Identified the +4 falchion "Vemn" {vorpal, Dex+5}
 93515 | Elf:3    | Identified the +2 robe of the Ego {rC++ Dex-3}
 94054 | Elf:3    | Acquired the +0 cloak of the Guilds {rF+ Dex+3}
 94198 | Elf:3    | Identified the +1 plate armour of a ziggurat {Dex+5}
 94283 | Elf:3    | Reached XP level 22. HP: 211/211 MP: 31/31
 94462 | Elf:3    | Identified the +8 battleaxe of Wuclyozautz {vorpal, rC+}
 94462 | Elf:3    | Identified the ring "Kuture" {rElec Will- Int+6 Dex+5 SInv}
 94522 | Elf:3    | Identified the +9 hand crossbow of Lalyggen {speed, Fly rF+
                  | MP-9 Str+7}
 94623 | Elf:3    | Got the Grimoire of Unstable Companions
 95066 | Crypt:1  | Entered Level 1 of the Crypt
 96211 | Crypt:1  | Found a basalt altar of Yredelemnul.
 96338 | Crypt:1  | Noticed Mara
 96346 | Crypt:1  | Noticed dolemite99's illusion
 96956 | Crypt:1  | Noticed dolemite99's illusion
 96956 | Crypt:1  | Killed Mara
 97212 | Crypt:1  | You fall into a shaft and drop 1 floor!
 98534 | Crypt:2  | Noticed a royal mummy
 98537 | Crypt:2  | Noticed a royal mummy
 99778 | Depths:3 | Noticed a caustic shrike
 99790 | Depths:3 | Killed a caustic shrike
 99883 | Depths:3 | Corrupted Depths:3
 99884 | Depths:3 | Noticed a juggernaut
 99884 | Depths:3 | Found the ring of the Tortoise {AC+8}
 99916 | Depths:3 | Killed a juggernaut
100167 | Depths:3 | Noticed a juggernaut
100191 | Depths:3 | Killed a juggernaut
100192 | Depths:3 | Reached skill level 15 in Maces & Flails
100271 | Depths:3 | Reached XP level 23. HP: 217/217 MP: 32/32
100748 | Depths:3 | Found a gateway to a ziggurat.
101293 | Depths:4 | Noticed Mennas
101532 | Depths:4 | Corrupted Depths:4
101555 | Depths:4 | HP: 2/217 [Mennas (13)]
101555 | Depths:4 | Slain by a hell knight

Illustrated notes

Levels and vault maps discovered:
D:1:      onia_arrival_mini_maze, layout_basic, serial_shops, shop,
          ebering_ecumenical_altar_hall, st_stairs_13
D:2:      layout_rooms, minmay_pentomino_q4
D:3:      layout_loops_ring, uniq_jessica
D:4:      layout_loops_cross, nicolae_ossuary_entry_false_entrances,
          minmay_stone_trees_medium, chequers_serial_rivers_marsh, uniq_ijyb,
          uniq_natasha, uniq_sigmund
D:5:      layout_loops_ring, minmay_misc_feat_hallway, uniq_edmund
D:6:      layout_rooms, nicolae_vehumet_radiance, temple_statues, minivault_23,
          uniq_prince_ribbit1, uniq_duvessa
D:7:      layout_basic, chequers_mini_garden, uniq_harold
D:8:      cheibrodos_grave_circle, layout_loops_ring, due_unseen_surprise
D:9:      layout_stronghold, kennysheep_orc_monster_closet_entryway,
          minivault_19, minmay_puff
D:10:     layout_loops_cross, serial_shops, shop, enter_bailey_1,
          grunt_ministairs_7, nicolae_transmutations_shop,
          eino_small_chamber_without_monster, uniq_fannar, uniq_maurice,
          uniq_josephine, uniq_nergalle
D:11:     layout_roguey, grunt_lair_entry_orc_guard_hut, portal_ice_cave_rime,
          serial_shops, nicolae_shop_behind_doors, hellmonk_guarded_unrand_vines
D:12:     layout_rooms, uniq_azrael, uniq_rupert, uniq_sonja
D:13:     minmay_shoctagon, layout_stronghold, david_vaults_1, tso_altar
D:14:     layout_roguey, infiniplex_staircase_diamond
D:15:     hangedman_depths_entry_civil_slaughter, layout_basic,
          nicolae_lava_and_water
Lair:1:   lemuel_ratsnest, layout_regular_city, uniq_joseph
Lair:2:   layout_roguey, elwin_shoals_entry_rooms, dummy_spider_entry
Lair:3:   layout_gridlike, infiniplex_staircase_pool, grunt_megastairs_1
Lair:4:   wad_woods_minihive, layout_hall_layers
Lair:5:   gammafunk_worm_tunnel, layout_regular_city
Lair:6:   minmay_lair_end_enchanted_forest, layout_gridlike, slime_altar_1,
          gammafunk_ghost_ooze, infiniplex_staircase_pool_2
Shoals:1: layout_shoals
Shoals:2: layout_shoals, serial_shops, nicolae_shop_behind_doors, shop, shop,
          nicolae_shoals_arrival_archipelago
Shoals:3: nzn_motion_control, layout_shoals, st_sunken_temple, uniq_donald
Shoals:4: shoals_end_hellmonk_lost_city
Spider:1: layout_spider_delve
Spider:2: layout_spider_delve
Spider:3: layout_spider_delve, uniq_louise
Spider:4: floodkiller_spider_rune_tomb, nicolae_spider_claw_tunnel, uniq_arachne
Orc:1:    layout_caves, basic_altar, biasface_ghost_orc_armoury,
          minmay_orc_temple_b
Orc:2:    pubby_orc_utopia, serial_shops
Elf:1:    eino_elf_arrival_the_gate, layout_geoelf_octagon,
          minmay_elf_demonology, nicolae_rare_books, grunt_megastairs_5,
          uniq_jorgrun
Elf:2:    nicolae_elf_blades_crystal_corner, layout_rooms, serial_shops, shop,
          st_stairs_14
Elf:3:    nooodl_elf_gasket, layout_rooms, chequers_hall_statues_wall_a,
          lemuel_flame_loot_1
Vaults:1: nicolae_vaults_twisting_passages, vaults_mumra_lcd,
          nicolae_vaults_ninety_degrees, vaults_room_glass_cross,
          nicolae_vaults_network_periphery, nicolae_vaults_big_angled_halls,
          hangedman_vaults_pinch, vaults_mumra_chevron_long,
          hangedman_vaults_cutoff, vaults_dpeg_ring, v_misc_17,
          nicolae_vaults_shelves_hall, layout_vaults_maze_bifur
Vaults:2: nicolae_vaults_mini_display_case, nicolae_vaults_little_squares_3,
          v_misc_22, grunt_vaults_funnel, nicolae_vaults_circle_grid_b,
          nicolae_vaults_yaktaur_gun_rack, nicolae_vaults_puzzle_piece,
          vaults_room_stairs_pillars, layout_vaults_chaotic_city, serial_shops,
          nicolae_square_shop
Vaults:3: minmay_crypt_entry_simple_round, vaults_standard_mumra_lines,
          grunt_vaults_hallway_short, vaults_room_pool, grunt_vaults_diagonal,
          hangedman_vaults_trim, nicolae_vaults_circle_grid_a,
          vaults_room_corners, vaults_room_door_ring, layout_vaults_quadrants
Vaults:4: v_misc_8, vaults_room_pools, v_misc_8, v_misc_19,
          nicolae_vaults_network_square, ontoclasm_vaults_twist,
          vaults_mumra_hex, v_pattern_5, ontoclasm_vaults_loading_screen,
          nicolae_vaults_gold_heap, layout_vaults_omnicross
Crypt:1:  layout_regular_city, basic_altar, uniq_mara
Crypt:2:  minmay_guarded_unrand_sceptre_of_torment, layout_regular_city,
          lightli_enter_wizlab_magi_temple
Depths:1: evilmike_diamond_1, layout_cave_shapes, abyss_entry,
          grunt_pan_entry_sceptre, grunt_hell_horde, nicolae_gozag_seed_capital,
          serial_bayou_shore_a, minmay_shop_grove
Depths:2: nooodl_glass_maze, layout_basic, pan_entry, serial_shops,
          nicolae_shop_behind_doors, hangedman_geh_valley, dk_noncrumbling_2,
          hellmonk_bongcloud_opening, hangedman_corner_corridor
Depths:3: minmay_the_grid_net [minmay_the_grid_box_x,
          minmay_the_grid_zigzag_pyramid, minmay_the_grid_paths,
          minmay_the_grid_minigrid_large, minmay_the_grid_medium_cups,
          minmay_the_grid_prize_shrinking_boxes], layout_basic,
          enter_ziggurat_d, grunt_pan_entry_in_and_out, pf_hell_entry_tar_river,
          chequers_jeans, infiniplex_staircase_zigzag_2
Depths:4: minmay_glassy_protrusions, layout_cave_pools, minmay_strange_pillars,
          abyss_entry, serial_shops, shop, hell_entry,
          kennysheep_random_hallway, uniq_mennas

Skill      XL: |  1  2  3  4  5  6  7  8  9 10 11 12 13 14 15 16 17 18 19 20 21 22 23 |
---------------+----------------------------------------------------------------------+-----
Axes           | 3 4 5 6 |  6.1
Maces & Flails | 1 4 7 8 11 15 16 | 16.0
Fighting       | 6 7 9 10 12 13 15 18 20 | 20.6
Armour         | 3 5 7 12 13 14 15 16 17 19 | 19.3
Invocations    | 5 7 9 10 11 13 14 | 14.4
Dodging        | 2 5 8 13 | 13.4
Throwing       | 3 |  3.2
Evocations     | 2 7 10 11 | 11.3
Bows           | 8 10 13 16 17 18 20 | 20.0
Polearms       | 2 6 |  6.2
Air Magic      | 7 |  7.8
Spellcasting   | 1 |  1.0
Staves         | 11 | 11.2

Action                   |  1- 3 |  4- 6 |  7- 9 | 10-12 | 13-15 | 16-18 | 19-21 | 22-24 || total
-------------------------+-------+-------+-------+-------+-------+-------+-------+-------++-------
Melee: Hand axe          |    70 |    18 |       |       |       |       |       |       ||    88
       Headbutt          |     7 |    18 |    30 |    56 |   129 |    91 |    38 |    73 ||   442
       Whip              |       |   118 |   185 |   286 |   513 |   367 |    45 |       ||  1514
       Longbow           |       |       |       |       |       |     1 |     1 |     2 ||     4
       Lajatang          |       |       |       |       |       |       |    86 |   155 ||   241
       Great mace        |       |       |       |       |       |       |       |    20 ||    20
       Battleaxe         |       |       |       |       |       |       |       |     8 ||     8
 Fire: Shortbow          |       |       |    39 |   304 |  1284 |       |       |       ||  1627
       Longbow           |       |       |       |       |   131 |  1264 |  1653 |   599 ||  3647
Throw: Javelin           |       |       |       |     6 |     3 |     8 |       |       ||    17
       Stone             |       |       |       |       |    15 |       |       |       ||    15
Invok: Depart the Abyss  |     1 |       |       |       |       |     1 |       |       ||     2
       Banish            |       |       |     1 |    13 |     2 |    52 |    29 |       ||    97
       Bend Space        |       |       |       |     2 |     4 |       |     8 |     4 ||    18
       Corrupt           |       |       |       |     1 |     6 |     2 |     6 |     2 ||    17
       Brand Weapon With |       |       |       |       |     1 |       |       |       ||     1
       Enter the Abyss   |       |       |       |       |       |     1 |       |       ||     1
Evoke: Wand              |       |       |       |    10 |    16 |    42 |    32 |       ||   100
       Lightning rod     |       |       |       |     4 |    13 |    18 |    13 |     4 ||    52
       Tin of tremorston |       |       |       |       |       |       |    11 |     6 ||    17
       Condenser vane    |       |       |       |       |       |       |     1 |     5 ||     6
       Phantom mirror    |       |       |       |       |       |       |       |     1 ||     1
  Use: Potion            |     5 |       |     1 |     2 |    10 |    10 |     9 |    10 ||    47
       Scroll            |       |    10 |     2 |     7 |    13 |    15 |    25 |     7 ||    79
 Stab: Invisible         |       |       |       |       |     1 |       |       |       ||     1
       Paralysed         |       |       |       |       |       |     2 |       |       ||     2
       Confused          |       |       |       |       |       |     1 |       |       ||     1
Armor: Leather armour    |     7 |       |       |       |       |       |       |       ||     7
       Ring mail         |    31 |    34 |    66 |   223 |    86 |       |       |       ||   440
       Chain mail        |       |    14 |     4 |       |       |       |       |       ||    18
       Plate armour      |       |       |       |       |   644 |  1103 |   711 |   313 ||  2771
Dodge: Dodged            |    54 |    43 |   123 |   432 |   615 |   638 |   601 |   301 ||  2807

Table legend: (Time is in decaauts)
 A = Elapsed time spent in this place.
 B = Non-inter-level travel time spent in this place.
 C = Inter-level travel time spent in this place.
 D = Time resting spent in this place.
 E = Time spent auto-exploring this place.
 F = Levels seen in this place.
 G = Mean time per level.
                   A        B        C        D        E       F      G
               +--------+--------+--------+--------+--------+-----+--------+
         Total | 100251 |  94715 |   5536 |  43827 |  34422 |  48 | 2088.6 |
       Dungeon |  24789 |  22482 |   2307 |   8390 |  10154 |  15 | 1652.6 |
          Lair |  10555 |   9826 |    729 |   2135 |   5710 |   6 | 1759.2 |
        Shoals |  10587 |  10226 |    361 |   5412 |   2782 |   4 | 2646.8 |
   Spider Nest |   9897 |   9640 |    257 |   5778 |   2309 |   4 | 2474.2 |
  Orcish Mines |   4892 |   4226 |    666 |    666 |   2327 |   2 | 2446.0 |
   Elven Halls |   9778 |   9257 |    521 |   5195 |   2597 |   3 | 3259.3 |
        Vaults |  16792 |  16386 |    406 |  10724 |   4078 |   4 | 4198.0 |
         Crypt |   3354 |   3316 |     38 |   1366 |   1121 |   2 | 1677.0 |
        Depths |   8177 |   7929 |    248 |   3679 |   2845 |   4 | 2044.2 |
         Abyss |     60 |     60 |      0 |      2 |     53 |   2 |   30.0 |
       Ossuary |    763 |    763 |      0 |    418 |    153 |   1 |  763.0 |
        Bailey |    602 |    602 |      0 |     57 |    292 |   1 |  602.0 |
               +--------+--------+--------+--------+--------+-----+--------+

Top non-repeatable levels by time:
Vaults:3: 5290 daAuts
Vaults:1: 5276 daAuts
   Elf:1: 4649 daAuts
    D:15: 4480 daAuts
Depths:2: 4055 daAuts
   Orc:2: 3776 daAuts
Shoals:3: 3676 daAuts
Spider:1: 3474 daAuts
Vaults:2: 3433 daAuts
Spider:4: 3028 daAuts
  Lair:2: 2992 daAuts
Shoals:1: 2904 daAuts
   Elf:3: 2828 daAuts
Vaults:4: 2792 daAuts
    D:10: 2351 daAuts
